 Dungeon Crawl Stone Soup version 0.31-a0-185-g9dded2c639 (webtiles) character file.

Game seed: 9666350196037144527

45 qw the Shooter (level 3, -2/20 HPs)
             Began as a Deep Elf Hunter on June 22, 2023.
             Slain by Terence
             ... wielding a +0 flail
              (4 damage)
             ... on level 2 of the Dungeon.
             The game lasted 00:00:24 (1425 turns).

qw the Shooter (Deep Elf Hunter)                    Turns: 1425, Time: 00:00:25

Health: -2/20      AC:  3    Str: 10    XL:     3   Next: 42%
Magic:  5/5        EV: 12    Int: 13    God:
Gold:   83         SH:  0    Dex: 18    Spells: 2/2 levels left

rFire   . . .        Y - +0 shortbow
rCold   . . .        (shield currently unavailable)
rNeg    . . .        c - +0 leather armour
rPois   .            (no helmet)
rElec   .            (no cloak)
rCorr   .            (no gloves)
SInv    .            (no boots)
Will    .....        (no amulet)
Stlth   ++           (no ring)
HPRegen 0.23/turn    (no ring)
MPRegen 0.09/turn

%: no passive effects
@: no status effects
A: no striking features
a: no special abilities


You were on level 2 of the Dungeon.
You visited 1 branch of the dungeon, and saw 2 of its levels.

You collected 83 gold pieces.


   Skills:
 - Level 1.5 Fighting
 + Level 7.0 Ranged Weapons
 - Level 2.4 Dodging
 - Level 1.2 Stealth


You had 2 spell levels left.
You didn't know any spells.
Your spell library was empty.

Inventory:

Hand Weapons
 Y - a +0 shortbow (weapon)
Armour
 a - the +0 robe of Mumblety Peg {Str+3}
   (You found it on level 2 of the Dungeon)

   Str:       It affects your strength (+3).
 c - a +0 leather armour (worn)
 i - a +0 pair of gloves
Scrolls
 b - a scroll of teleportation {unknown}
 e - a scroll of identify
 f - a scroll of enchant armour {unknown}
Potions
 d - a potion of enlightenment {unknown}
 g - a potion of might {unknown}
 h - 2 potions of curing {unknown}
 j - a potion of degeneration {unknown}
 k - a potion of invisibility {unknown}

Dungeon Overview and Level Annotations

Branches:
Dungeon (2/15)

Altars:

Annotations:
D:2 Terence


Message History

Enter note: Terence the Incautious comes into view.
He is wielding a +0 flail.
Enter note:
Enter note:
Enter note:
Enter note: You shoot an arrow.
The arrow hits Terence.
Terence is moderately wounded.
You shoot an arrow. The arrow barely misses Terence.
You shoot an arrow.
The arrow hits Terence but does no damage.
Terence is moderately wounded.
You shoot an arrow. The arrow hits Terence.
Terence is moderately wounded.
You shoot an arrow. The arrow hits Terence.
Terence is heavily wounded.
You shoot an arrow. The arrow closely misses Terence.
Terence misses you.
You shoot an arrow.
The arrow hits Terence but does no damage.
Terence is heavily wounded.
Terence closely misses you.
You shoot an arrow.
The arrow hits Terence but does no damage.
Terence is heavily wounded.
Terence hits you with a +0 flail.
You shoot an arrow. The arrow completely misses Terence.
Terence hits you with a +0 flail!
You shoot an arrow.
The arrow hits Terence but does no damage.
Terence is heavily wounded.
Terence hits you with a +0 flail.
You shoot an arrow. The arrow hits Terence!
Terence is almost dead.
Terence hits you with a +0 flail.
You shoot an arrow.
The arrow hits Terence but does no damage.
Terence is almost dead.
Terence hits you with a +0 flail.
You die...

..# #.#...# ######. ..#
#.#.#.######## #. ..#
#.#..........######## #. ..#
#.#.########.#......# #. ..#
#..........#.#......# ##. ..#
###......#.#.#......# #..
.(############.#.#.#......#####..
.................................
.#############.#@#.#......#####.#
.# #.#@#.#......#####.# .#
#.#.#.#......#...#.# .#
..#.#.########...... .#
###.#.########...#.# .##.#
#.#.#..........#.# .##.#
#.#.#.######...#.# .##.# #.#
#.######.#.#.# ..#.#
#.....##.#.#.#


You could see Terence.

Vanquished Creatures
  An adder (D:2)
  A dart slug (D:2)
  4 ball pythons
  2 bats (D:1)
  An endoplasm (D:1)
  4 giant cockroaches
  4 goblins
  4 hobgoblins
  2 quokkas
  A frilled lizard (D:1)
  3 kobolds (D:1)
  2 rats
29 creatures vanquished.

Notes
Turn   | Place    | Note
-------+----------+-------------------------------------------
     0 | D:1      | qw the Deep Elf Hunter began the quest for the Orb.
     0 | D:1      | Reached XP level 1. HP: 12/12 MP: 3/3
     0 | D:1      | 0 ||| qw: Version: 0.3-a-9-g12657ce
     0 | D:1      | 0 ||| qw: Game counter: 1780
     0 | D:1      | 0 ||| qw: Always use a shield: true
     0 | D:1      | 0 ||| qw: God list: Okawaru
     0 | D:1      | 0 ||| qw: Allow faded altars: false
     0 | D:1      | 0 ||| qw: Do Orc after D:15 true
     0 | D:1      | 0 ||| qw: Do second Lair branch before Depths: true
     0 | D:1      | 0 ||| qw: Lair rune preference: random
     0 | D:1      | 0 ||| qw: Plans: Normal
     0 | D:1      | 0 ||| PLANNING D:1-11
   120 | D:1      | Reached XP level 2. HP: 10/16 MP: 4/4
   150 | D:1      | Reached skill level 6 in Ranged Weapons
   903 | D:1      | 903 ||| READING scroll labelled HONUST MERUTHRE.
   904 | D:1      | 904 ||| READING scroll labelled CEAMIC UGUTEY.
   905 | D:1      | 905 ||| READING scroll labelled BUDO QUUTZUHOSH.
   906 | D:1      | 906 ||| DROPPING scroll of butterflies.
   985 | D:2      | Reached XP level 3. HP: 20/20 MP: 5/5
   996 | D:2      | Identified the +0 robe of Mumblety Peg {Str+3}
  1343 | D:2      | Reached skill level 7 in Ranged Weapons
  1413 | D:2      | Noticed Terence
  1423 | D:2      | HP: 5/20 [Terence/+0 flail (3)]
  1424 | D:2      | HP: 2/20 [Terence/+0 flail (4)]
  1425 | D:2      | Slain by Terence

Levels and vault maps discovered:
D:1:      dpeg_arrival_tiny_g, layout_basic, chequers_serial_rivers_small_3,
          minmay_liquid_box
D:2:      layout_basic, uniq_terence

Skill      XL: |  1  2  3 |
---------------+----------+-----
Ranged Weapons | 6 7 |  7.0
Fighting       | |  1.5
Dodging        | |  2.4
Stealth        | |  1.2

Action                     || total
---------------------------++-------
   Fire: Shortbow          ||    88
    Use: Scroll            ||     3
 Armour: Leather armour    ||     5
  Dodge: Dodged            ||    23

Table legend:
 A = Non-vault XP
 B = Vault XP
 C = Vault XP percentage of total XP
 D = Non-vault monster count
 E = Vault monster count
 F = Vault count percentage of total count
                 A         B        C        D         E       F
            +---------+---------+-------+---------+---------+-------
      Total |      65 |       0 |   0.0 |      29 |       0 |   0.0
            +---------+---------+-------+---------+---------+-------
        D:1 |      29 |       0 |   0.0 |      16 |       0 |   0.0
        D:2 |      36 |       0 |   0.0 |      13 |       0 |   0.0
            +---------+---------+-------+---------+---------+-------
